[Event "*** Titled Tuesday Blitz"]
[Site "Chess.com"]
[Date "2020.12.29"]
[Round "6"]
[White "queen_iryna"]
[Black "NaciSAN"]
[Result "0-1"]
[WhiteElo "2332"]
[BlackElo "2176"]
[TimeControl "180+1"]
[EndTime "11:03:48 PST"]
[Termination "NaciSAN won by resignation"]

1. e4 e5 2. Nf3 Nc6 3. Be2 Nf6 4. d3 Bc5 5. O-O d6 6. c3 a5 7. Nbd2 h6 8. h3 Ba7 9. Re1 O-O 10. Bf1 Ne7 11. Nc4 Ng6 12. Be3 Bxe3 13. Nxe3 a4 14. g3 Re8 15. Nf5 Bxf5 16. exf5 Ne7 17. d4 exd4 18.
Nxd4 Nc6 19. Rxe8+ Qxe8 20. Bb5 a3 21. b3 Qe5 22. Nxc6 bxc6 23. Bxc6 Ra6 24. Bb5 Qxb5 25. Qd4 Qxf5 26. Re1 Ra8 27. Qc4 c5 28. Re7 Rf8 29.
Re1 Qxh3 30. Qa6 Ng4 0-1

[Event "*** Titled Tuesday Blitz"]
[Site "Chess.com"]
[Date "2020.12.29"]
[Round "6"]
[White "stephan97"]
[Black "SanchezKelvin"]
[Result "1-0"]
[WhiteElo "2250"]
[BlackElo "2429"]
[TimeControl "180+1"]
[EndTime "11:03:53 PST"]
[Termination "stephan97 won by resignation"]

1. d4 Nf6 2. c4 d6 3. Nf3 g6 4.
Nc3 Bg7 5. e4 O-O 6. Be2 Nc6 7.
Be3 e5 8. d5 Ne7 9. Nd2 Nd7 10.
f3 f5 11. O-O Nc5 12. b4 Nd7 13. c5 a5 14. bxa5 Nxc5 15. Bxc5 dxc5 16. Nc4 fxe4 17.
fxe4 Rxf1+ 18. Qxf1 Bd7 19. Rb1 Qc8 20. d6 Nc6 21. Nd5 Nd4 22. Ne7+ Kh8 23. Nxc8 Rxc8 24.
Rxb7 Rf8 25. Qd1 Ba4 26. Rb3 Nxb3 27. axb3 Bb5 28. dxc7 Ba6 29. Nb6 Bh6 30. Bxa6 1-0

[Event "*** Titled Tuesday Blitz"]
[Site "Chess.com"]
[Date "2020.12.29"]
[Round "6"]
[White "Kazmin_Dmitrij"]
[Black "akanga001"]
[Result "1-0"]
[WhiteElo "2255"]
[BlackElo "1951"]
[TimeControl "180+1"]
[EndTime "11:03:56 PST"]
[Termination "Kazmin_Dmitrij won by resignation"]

1. e4 c6 2. d4 d5 3. e5 c5 4. dxc5 e6 5. Be3 Ne7 6. c3 Ng6 7. Bd4 Nc6 8. Bb5 a6 9. Bxc6+ bxc6 10. Nf3 Be7 11. Nbd2 O-O 12. b4 Qc7 13. O-O a5 14. a3 Ba6 15. Re1 f6 16. exf6 Bxf6 17. Rxe6 Nf4 18.
Re3 Rae8 19. Bxf6 gxf6 20. Nd4 Qg7 21. Rg3 Ng6 22. h4 h5 23. Qxh5 Kf7 24. Nf5 Rh8 25. Nxg7 Rxh5 26. Nxh5 1-0

[Event "*** Titled Tuesday Blitz"]
[Site "Chess.com"]
[Date "2020.12.29"]
[Round "6"]
[White "torsten64"]
[Black "ajdemipopushi"]
[Result "0-1"]
[WhiteElo "2134"]
[BlackElo "2342"]
[TimeControl "180+1"]
[EndTime "11:03:58 PST"]
[Termination "ajdemipopushi won by resignation"]

1. d4 Nf6 2. c4 c5 3. d5 b5 4.
cxb5 a6 5. bxa6 Bxa6 6. Nc3 g6 7. e4 Bxf1 8. Kxf1 d6 9. Nf3 Bg7 10. g3 O-O 11. Kg2 Nbd7 12. a4 Ra6 13. Qe2 Qa8 14. Ra3 Rb8 15. b3 Rb4 16. Nb5 Rxe4 17. Qd3 Qxd5 18. Qc2 Qb7 19. Rd1 Ne5 20. Qc3 Nfg4 21. Kf1 Nxf3 22. Qxf3 Nxh2+ 0-1

[Event "*** Titled Tuesday Blitz"]
[Site "Chess.com"]
[Date "2020.12.29"]
[Round "6"]
[White "Storne89"]
[Black "PSvidler"]
[Result "0-1"]
[WhiteElo "2609"]
[BlackElo "2831"]
[TimeControl "180+1"]
[EndTime "11:04:01 PST"]
[Termination "PSvidler won by resignation"]

1. e4 c5 2. Nf3 d6 3. d4 cxd4 4. Nxd4 Nf6 5. Nc3 a6 6. Be2 e6 7. O-O Be7 8. a4 O-O 9. Be3 Nc6 10. f4 Qc7 11. Nb3 b6 12. Bf3 Rb8 13. Qd2 Na5 14. Nxa5 bxa5 15. b3 Bb7 16. Bd4 Rfc8 17. e5 dxe5 18.
fxe5 Rd8 19. Bxb7 Rxd4 20. Qf2 Bc5 21. Kh1 Ng4 22. Qf3 Qxb7 23. Qg3 Nh6 24. Rae1 Nf5 0-1

[Event "*** Titled Tuesday Blitz"]
[Site "Chess.com"]
[Date "2020.12.29"]
[Round "6"]
[White "onnoelgersma"]
[Black "BikingBrian"]
[Result "1-0"]
[WhiteElo "2433"]
[BlackElo "2264"]
[TimeControl "180+1"]
[EndTime "11:04:02 PST"]
[Termination "onnoelgersma won on time"]

1. e4 c5 2. Nf3 g6 3. c3 Bg7 4. d4 cxd4 5. cxd4 d5 6. e5 Bg4 7.
Nbd2 Nc6 8. Bb5 e6 9. O-O Ne7 10. h3 Bxf3 11. Nxf3 O-O 12. Bg5 Qb6 13. Bxc6 Nxc6 14.
Qd2 Rac8 15. Rac1 Na5 16. b3 Nc6 17. h4 Rc7 18. Bh6 Rfc8 19. h5 1-0

[Event "*** Titled Tuesday Blitz"]
[Site "Chess.com"]
[Date "2020.12.29"]
[Round "6"]
[White "TomasKapitanchuk"]
[Black "annamaja"]
[Result "1-0"]
[WhiteElo "2445"]
[BlackElo "2289"]
[TimeControl "180+1"]
[EndTime "11:04:04 PST"]
[Termination "TomasKapitanchuk won by resignation"]

1. e4 e6 2. d4 d5 3. Nd2 Nf6 4. e5 Nfd7 5. Bd3 c5 6. c3 Nc6 7. Ne2 cxd4 8. cxd4 f6 9. exf6 Qxf6 10. Nf3 h6 11. O-O Bd6 12. Ng3 O-O 13. Be3 Rd8 14. Nh5 Qf7 15. Nh4 Nf8 16. f4 Bd7 17. f5 e5 18. f6 g5 19. dxe5 Nxe5 20. Nf5 Bxf5 21. Bxf5 Nc4 22. Bd4 Be5 23. Bxe5 Nxe5 24. h4 d4 25.
hxg5 hxg5 26. Ng7 d3 27. Qd2 Nh7 28. Bxh7+ Kxh7 29. Qxg5 Ng6 30. Qh5+ Kg8 31. Nf5 Re8 32. Nh6+ Kf8 33. Nxf7 Kxf7 34. Qh7+ Ke6 35. Qxg6 1-0

[Event "*** Titled Tuesday Blitz"]
[Site "Chess.com"]
[Date "2020.12.29"]
[Round "6"]
[White "K_A_S_T_O_R"]
[Black "Loy_Konstantin"]
[Result "1-0"]
[WhiteElo "2795"]
[BlackElo "2396"]
[TimeControl "180+1"]
[EndTime "11:04:06 PST"]
[Termination "K_A_S_T_O_R won by resignation"]

1. e4 c5 2. Nf3 d6 3. d4 cxd4 4.
Nxd4 Nf6 5. Nc3 g6 6. g3 Bg7 7. Bg2 Nc6 8. Nde2 Bd7 9. h3 Qc8 10.
Nf4 O-O 11. Ncd5 Nxd5 12. Nxd5 Be6 13. c3 Bxd5 14. exd5 Ne5 15. O-O b5 16. Re1 Re8 17. a4 a6 18. Bf1 Nc4 19. Ra2 Qb7 20. b3 Nb6 21. axb5 Qxd5 22. Be3 Qxd1 23. Rxd1 Reb8 24. bxa6 d5 25. c4 dxc4 26. bxc4 Nc8 27. Bg2 Ra7 28.
Rd8+ 1-0

[Event "*** Titled Tuesday Blitz"]
[Site "Chess.com"]
[Date "2020.12.29"]
[Round "6"]
[White "natelleka"]
[Black "CakeinSpace2002"]
[Result "0-1"]
[WhiteElo "2203"]
[BlackElo "2388"]
[TimeControl "180+1"]
[EndTime "11:04:10 PST"]
[Termination "CakeinSpace2002 won by resignation"]

1. e4 c5 2. Nf3 Nc6 3. d4 cxd4 4.
Nxd4 Nf6 5. Nc3 e5 6. Ndb5 d6 7. Bg5 a6 8. Na3 b5 9. Nd5 Be7 10. Bxf6 Bxf6 11. c3 O-O 12. Nc2 Rb8 13. a4 bxa4 14.
Ncb4 Nxb4 15. cxb4 a5 16. Rxa4 axb4 17. Nxb4 Bg5 18. Nc6 Qb6 19. Nxb8 Qxb8 20. Bc4 Bd7 21. Ra3 Qb4+ 22. Rc3 Qxb2 23. Rc2 Qb4+ 24. Kf1 Ba4 25. Bxf7+ Kxf7 26. Rc7+ Kg6 27. Qa1 Bb5+ 28. Kg1 Ra8 29. Qf1 Bxf1 0-1

[Event "*** Titled Tuesday Blitz"]
[Site "Chess.com"]
[Date "2020.12.29"]
[Round "6"]
[White "vrekhson"]
[Black "vladgoncharov"]
[Result "0-1"]
[WhiteElo "2247"]
[BlackElo "2554"]
[TimeControl "180+1"]
[EndTime "11:04:18 PST"]
[Termination "vladgoncharov won by resignation"]

1. e4 e6 2. d4 d5 3. Nc3 Bb4 4. e5 c5 5. a3 Bxc3+ 6. bxc3 Ne7 7. Nf3 O-O 8. Bd3 h6 9. h4 Nbc6 10. h5 f6 11. Bf4 Qa5 12. Qd2 cxd4 13. cxd4 Qxd2+ 14.
Kxd2 fxe5 15. Bxe5 Nxe5 16. dxe5 Bd7 17. Ke2 Rac8 18.
Rab1 b6 19. Nd4 Nc6 20. Nxc6 Rxc6 21. Rh4 Rc5 22. Rbb4 Rfc8 23. Rhg4 Be8 24. Rh4 b5 25. Rbf4 Rc3 26. Rb4 Rxa3 27. Bxb5 Bxb5+ 28. Rxb5 Rxc2+ 29. Kd1 Rxf2 30. Rb8+ Kh7 0-1

[Event "*** Titled Tuesday Blitz"]
[Site "Chess.com"]
[Date "2020.12.29"]
[Round "6"]
[White "szachuspl"]
[Black "Chernobay_Artem"]
[Result "1-0"]
[WhiteElo "2490"]
[BlackElo "2631"]
[TimeControl "180+1"]
[EndTime "11:04:22 PST"]
[Termination "szachuspl won by resignation"]

1. d4 Nf6 2. c4 g6 3. Nc3 Bg7 4. e4 O-O 5. Nf3 d6 6. Be2 e5 7.
Be3 exd4 8. Nxd4 Re8 9. f3 c6 10. Bf2 d5 11. exd5 cxd5 12. c5 Nc6 13. O-O Nh5 14.
Ndb5 Nf4 15. Re1 Qg5 16. Bg3 Nxe2+ 17. Rxe2 Rxe2 18. Qxe2 Bd7 19. Rd1 Re8 20. Qd2 Qxd2 21. Rxd2 d4 22. Ne4 f5 23. Ned6 Re1+ 24. Bxe1 Be5 25. Nc4 Bf4 26. Rd1 Be6 27. b3 Bxc4 28. bxc4 Ne5 29. Bf2 d3 30. Nd6 d2 31. g3 Bh6 32. f4 1-0

[Event "*** Titled Tuesday Blitz"]
[Site "Chess.com"]
[Date "2020.12.29"]
[Round "6"]
[White "Kislov_Oleg"]
[Black "1g41-0"]
[Result "1-0"]
[WhiteElo "2454"]
[BlackElo "2605"]
[TimeControl "180+1"]
[EndTime "11:04:23 PST"]
[Termination "Kislov_Oleg won by resignation"]

1. e4 e5 2. Nf3 Nc6 3. d4 exd4 4.
Nxd4 Nf6 5. Nc3 Bb4 6. Nxc6 bxc6 7. Bd3 d5 8. exd5 O-O 9. O-O cxd5 10. Bg5 c6 11.
Qf3 Bd6 12. Rfe1 Rb8 13. Na4 Rb4 14. b3 Be6 15. h3 h6 16. Be3 d4 17. Bd2 Bd5 18.
Qd1 Rb7 19. Nb2 Bb8 20. Nc4 Qc7 21. f4 Qd8 22. Qe2 Re8 23. Qf2 c5 24. Rxe8+ Qxe8 25.
Re1 Re7 26. Rxe7 Qxe7 27. c3 Qb7 28. cxd4 cxd4 29. Qxd4 Bxg2 30. Qd8+ 1-0

[Event "*** Titled Tuesday Blitz"]
[Site "Chess.com"]
[Date "2020.12.29"]
[Round "6"]
[White "Onischuk_V"]
[Black "Skatchkov_V"]
[Result "1-0"]
[WhiteElo "2806"]
[BlackElo "2520"]
[TimeControl "180+1"]
[EndTime "11:04:27 PST"]
[Termination "Onischuk_V won by resignation"]

1. e4 e5 2. Nf3 d5 3. Nc3 d4 4. Ne2 Bd6 5. d3 c5 6. g3 Nc6 7. Bg2 Nge7 8. O-O Ng6 9. h4 h5 10. Kh1 Bg4 11. Nh2 Be6 12. Ng1 Qd7 13. f4 exf4 14.
gxf4 f5 15. Qe1 O-O-O 16. e5 Be7 17. Nhf3 Nb4 18. Qf2 Nd5 19. Nh3 Bf8 20. Nfg5 Be7 21. Bd2 Bxg5 22. Nxg5 Nge7 23. c4 Nc7 24. b4 cxb4 25.
Bxb4 Ng8 26. Bd6 Ne8 27. c5 Nxd6 28. cxd6 Kb8 29. Rab1 b6 30. Qf3 1-0

[Event "*** Titled Tuesday Blitz"]
[Site "Chess.com"]
[Date "2020.12.29"]
[Round "6"]
[White "Chess_Boxer123"]
[Black "Grammnik"]
[Result "1-0"]
[WhiteElo "2566"]
[BlackElo "2326"]
[TimeControl "180+1"]
[EndTime "11:04:31 PST"]
[Termination "Chess_Boxer123 won by resignation"]

1. h3 b6 2. b3 Bb7 3. Bb2 c5 4. c4 Nc6 5. Nc3 Nf6 6. Nf3 g6 7. g3 Bg7 8. Bg2 Nd4 9. e3 Nxf3+ 10. Bxf3 Bxf3 11. Qxf3 O-O 12. O-O d6 13. d4 cxd4 14. exd4 a6 15. Rad1 Ra7 16. Rfe1 Qb8 17. a4 Qb7 18. Qxb7 Rxb7 19. Kg2 Rc8 20. Kf3 h5 21. Ne4 Nxe4 22. Kxe4 b5 23. cxb5 axb5 24. a5 Rc2 25.
Bc1 Rc3 26. b4 d5+ 27. Kxd5 Rd7+ 28. Ke4 f5+ 29. Kf4 Bh6+ 30. Ke5 Kf7 31. Bxh6 e6 32.
d5 1-0

[Event "*** Titled Tuesday Blitz"]
[Site "Chess.com"]
[Date "2020.12.29"]
[Round "6"]
[White "pavel_skatchkov"]
[Black "Denis_Palkovich"]
[Result "1-0"]
[WhiteElo "2576"]
[BlackElo "2322"]
[TimeControl "180+1"]
[EndTime "11:04:32 PST"]
[Termination "pavel_skatchkov won by resignation"]

1. d4 d5 2. Nf3 Bf5 3. c4 e6 4.
Nc3 Bb4 5. Qb3 Nc6 6. e3 a5 7. cxd5 a4 8. Qd1 exd5 9. Bb5 Ne7 10. Ne5 a3 11. O-O O-O 12. Qf3 Nxe5 13. dxe5 c6 14. Be2 Bxc3 15. bxc3 Be4 16. Qg3 Nf5 17. Qh3 Qh4 18. Qxh4 Nxh4 19. f3 Bg6 20. c4 dxc4 21.
e4 Bh5 22. g4 Bg6 23. Bg5 Rfd8 24. Bxh4 Rd2 25. Bxc4 Rad8 26. Bxd8 1-0

[Event "*** Titled Tuesday Blitz"]
[Site "Chess.com"]
[Date "2020.12.29"]
[Round "6"]
[White "gahryman"]
[Black "jerry_77"]
[Result "1-0"]
[WhiteElo "2681"]
[BlackElo "2495"]
[TimeControl "180+1"]
[EndTime "11:04:34 PST"]
[Termination "gahryman won by resignation"]

1. e4 c6 2. d4 d5 3. exd5 cxd5 4. Bd3 Nc6 5. c3 Nf6 6. Bf4 g6 7. Nf3 Bf5 8. O-O e6 9. Re1 Qb6 10. Bxf5 gxf5 11. Qb3 Be7 12. Be5 Rg8 13. Bxf6 Bxf6 14. Nbd2 Be7 15. Rac1 Na5 16. Qa4+ Nc6 17. c4 Qb4 18.
Qc2 O-O-O 19. a3 Qb6 20. b4 Kb8 21. c5 Qa6 22. Rb1 b5 23. Qd3 Qb7 24. a4 a6 25.
axb5 axb5 26. Nb3 Kc7 27. Na5 Qa6 28. Nxc6 Qxc6 29. Ne5 Qb7 30. Nxf7 Rg7 31. Rxe6 Rxf7 32. Rb6 Qa7 33. Qxb5 Ra8 34. Qc6+ Kd8 35. Rb7 Qa4 36.
b5 1-0

[Event "*** Titled Tuesday Blitz"]
[Site "Chess.com"]
[Date "2020.12.29"]
[Round "6"]
[White "exoticprincess"]
[Black "1977Ivan"]
[Result "1-0"]
[WhiteElo "2895"]
[BlackElo "2704"]
[TimeControl "180+1"]
[EndTime "11:04:40 PST"]
[Termination "exoticprincess won by resignation"]

1. d4 d5 2. Nc3 Nf6 3. Bf4 g6 4. Qd2 c6 5. Nf3 Nbd7 6. h4 b5 7. a3 Nb6 8. b3 a5 9. Ne5 Bd7 10.
e3 b4 11. axb4 axb4 12. Rxa8 Qxa8 13. Nd1 e6 14. Bd3 c5 15. O-O Nh5 16. Bh2 Be7 17. Be2 Nf6 18. f3 O-O 19. dxc5 Bxc5 20. Nd3 Be7 21. Nxb4 Rc8 22. Nd3 Be8 23. N1f2 Nfd7 24. h5 Qa2 25. Bd1 gxh5 26. e4 Nf8 27. Nf4 Ng6 28. Nxh5 Qa7 29. Qh6 1-0

[Event "*** Titled Tuesday Blitz"]
[Site "Chess.com"]
[Date "2020.12.29"]
[Round "6"]
[White "Nadeev_Sergey"]
[Black "Matveev_Vladimir"]
[Result "1/2-1/2"]
[WhiteElo "2478"]
[BlackElo "2699"]
[TimeControl "180+1"]
[EndTime "11:04:40 PST"]
[Termination "Game drawn by agreement"]

1. e4 c5 2. Nf3 d6 3. d4 cxd4 4. Nxd4 Nf6 5. Nc3 a6 6. Bg5 e6 7. f4 Qc7 8. Qf3 Nbd7 9. O-O-O h6 10. Bxf6 Nxf6 11. f5 e5 12. Nb3 b5 13. a3 Bb7 14. g4 Rc8 15. Bd3 Be7 16. h4 Nd7 17.
Nd5 Bxd5 18. exd5 Nc5 19. Nxc5 Qxc5 20. Kb1 Kd8 21. g5 hxg5 22. hxg5 Rxh1 23. Rxh1 Bxg5 24.
Qh5 f6 25. Qh8+ Kc7 26. Qxg7+ Kb6 27. Rh7 Rc7 28. Qxc7+ Qxc7 29. Rxc7 Kxc7 30. c3 Kb6 31. b4 Kc7 32. Kc2 Kb6 33. Kd1 Kc7 34. Bc2 Kb6 35. Ke2 Kc7 36. a4 bxa4 37. Bxa4 Kb6 38.
Kd3 a5 39. Bc2 Kb5 40. bxa5 Kxa5 41. Kc4 Kb6 42. Be4 Bh4 43. Kd3 Kb5 44. Bf3 Ka4 45.
Be4 Kb3 46. Bf3 Be1 47. c4 Bb4 48. Ke4 Kc3 49. Bh5 Kxc4 50. Bf7 Bc5 51. Be6 Kc3 52. Bf7 Kd2 53. Be6 Ke2 54. Bf7 Kf2 55. Be6 Kg3 56.
Bd7 Kh4 57. Bc6 Kg5 58. Bb5 Kh6 59. Bc4 Kg7 60. Bd3 Kh6 61. Be2 Kg5 62. Bc4 Kg4 63. Bb5 Kg3 64. Bc6 1/2-1/2

[Event "*** Titled Tuesday Blitz"]
[Site "Chess.com"]
[Date "2020.12.29"]
[Round "6"]
[White "javirec"]
[Black "Maksimus1998"]
[Result "1-0"]
[WhiteElo "2392"]
[BlackElo "2529"]
[TimeControl "180+1"]
[EndTime "11:04:45 PST"]
[Termination "javirec won by resignation"]

1. c4 e5 2. g3 h5 3. h4 c6 4. Bg2 d5 5. cxd5 cxd5 6. d4 e4 7. Nc3 Nc6 8. Nh3 Bg4 9. Nf4 Bb4 10.
Be3 Nge7 11. Rc1 Qa5 12. Qb3 O-O-O 13. O-O Kb8 14. a3 Bxc3 15. Rxc3 f6 16. Rfc1 Ka8 17.
Rc5 Qb6 18. Rb5 Qc7 19. Nxd5 Nxd5 20. Rxd5 g5 21. Rxd8+ Qxd8 22. Bxe4 Bd7 23. d5 Na5 24. Qc3 gxh4 25. Qd4 Qb6 26. Qxb6 axb6 27. Bxb6 Nb3 28.
Rc3 Nd2 29. Bg2 hxg3 30. fxg3 Re8 31. d6 Ne4 32. Rc7 Bc6 33. d7 Bxd7 34. Rxd7 Kb8 35. Bxe4 1-0

[Event "*** Titled Tuesday Blitz"]
[Site "Chess.com"]
[Date "2020.12.29"]
[Round "6"]
[White "Training_Day"]
[Black "Carnivoras"]
[Result "1-0"]
[WhiteElo "2395"]
[BlackElo "2583"]
[TimeControl "180+1"]
[EndTime "11:04:50 PST"]
[Termination "Training_Day won by resignation"]

1. e4 e5 2. f4 d5 3. exd5 exf4 4. Nf3 Nf6 5. Bb5+ Bd7 6. Bxd7+ Qxd7 7. O-O Nxd5 8. c4 Nf6 9. d4 Be7 10. Bxf4 O-O 11. Ne5 Qd8 12. Nc3 Nbd7 13. Qb3 Nxe5 14. Bxe5 Rb8 15. Rad1 Nd7 16. Bg3 a6 17. Nd5 Bd6 18.
Bxd6 cxd6 19. Qg3 Kh8 20. Qxd6 b5 21. c5 f5 22. Rfe1 f4 23. c6 f3 24. gxf3 Qg5+ 25. Kh1 Nf6 26. Nxf6 Rbd8 27. Nd7 1-0

[Event "*** Titled Tuesday Blitz"]
[Site "Chess.com"]
[Date "2020.12.29"]
[Round "6"]
[White "MokshanovAlexey"]
[Black "jacky72"]
[Result "1-0"]
[WhiteElo "2642"]
[BlackElo "2784"]
[TimeControl "180+1"]
[EndTime "11:04:51 PST"]
[Termination "MokshanovAlexey won by resignation"]

1. e4 e5 2. Nf3 Nc6 3. d4 exd4 4. Nxd4 Nf6 5. Nxc6 bxc6 6. e5 Qe7 7. Qe2 Nd5 8. c4 Nb6 9. Nc3 a5 10. Qe4 Ba6 11.
Bd3 g6 12. O-O Bg7 13. f4 Nxc4 14. Kh1 Nb6 15. Bxa6 Rxa6 16. Be3 O-O 17. Rfd1 d5 18. exd6 Qxe4 19. Nxe4 cxd6 20. Rxd6 Nc4 21. Rd3 Nxb2 22. Rd7 Re8 23. Bd4 Bxd4 24. Rxd4 Kg7 25. Rb1 Nd3 26. Nd6 Re3 27. Nc4 Nf2+ 28. Kg1 Rd3 29. Rd6 Rxd6 30. Nxd6 Ng4 31. Rb7 Nh6 32. Ne8+ Kf8 33.
Nc7 Ra7 34. Rxa7 1-0

[Event "*** Titled Tuesday Blitz"]
[Site "Chess.com"]
[Date "2020.12.29"]
[Round "6"]
[White "stanyga"]
[Black "Ladislav1969"]
[Result "1-0"]
[WhiteElo "2605"]
[BlackElo "2404"]
[TimeControl "180+1"]
[EndTime "11:04:51 PST"]
[Termination "stanyga won by resignation"]

1. d4 Nf6 2. c4 g6 3. Nc3 d5 4.
cxd5 Nxd5 5. e4 Nxc3 6. bxc3 c5 7.
Nf3 Bg7 8. Be3 Bg4 9. Rc1 cxd4 10. cxd4 O-O 11. Be2 Nc6 12. d5 Nb4 13. Qb3 Qa5 14.
Bd2 Qxa2 15. Qxb4 Rfc8 16. Bc4 Qb2 17. Qxb2 Bxb2 18. Rc2 Bg7 19. Ke2 a6 20. Rb1 b5 21.
Bd3 Bd7 22. Ba5 e6 23. d6 Rab8 24. Rc7 Rxc7 25. dxc7 Rb7 26. Rc1 Bc8 27. e5 1-0

[Event "*** Titled Tuesday Blitz"]
[Site "Chess.com"]
[Date "2020.12.29"]
[Round "6"]
[White "Efremov_Vlad"]
[Black "MFBerna"]
[Result "1-0"]
[WhiteElo "2278"]
[BlackElo "2438"]
[TimeControl "180+1"]
[EndTime "11:04:51 PST"]
[Termination "Efremov_Vlad won by resignation"]

1. d4 d5 2. c4 c6 3. Nf3 Nf6 4. Qb3 dxc4 5. Qxc4 b5 6. Qc2 Bb7 7. Bg5 e6 8. e4 Be7 9. Nbd2 Nbd7 10. Be2 O-O 11.
O-O Rc8 12. Rac1 a6 13. Nb3 c5 14. e5 Nd5 15. Bxe7 Qxe7 16. Nxc5 Nxc5 17. dxc5 Nf4 18. b4 Rfd8 19. Rcd1 Bd5 20. Rfe1 Qb7 21. Rd4 Nxe2+ 22. Qxe2 Bxf3 23. Rxd8+ Rxd8 24. Qxf3 Qxf3 25. gxf3 Rd4 26. Rc1 Rd7 27. c6 Rc7 28. Kf1 Kf8 29. Ke2 Ke7 30. Ke3 g5 31. Kd4 Kd8 32. Kc5 Kc8 33.
Rd1 f6 34. Rd6 fxe5 35. Rxe6 Rf7 36. Kb6 Rf8 37. Rxe5 h6 38. Re6 h5 39. Rh6 h4 40.
Rg6 1-0

[Event "*** Titled Tuesday Blitz"]
[Site "Chess.com"]
[Date "2020.12.29"]
[Round "6"]
[White "DanielNaroditsky"]
[Black "12teen"]
[Result "1-0"]
[WhiteElo "3122"]
[BlackElo "2779"]
[TimeControl "180+1"]
[EndTime "11:04:52 PST"]
[Termination "DanielNaroditsky won by resignation"]

1. e4 e5 2. Nf3 Nc6 3. Nc3 g6 4. d4 exd4 5. Nxd4 Bg7 6. Nb3 d6 7. Bd3 Nge7 8. O-O O-O 9. Be3 h6 10. Qd2 Kh7 11. Rae1 f5 12. f3 Ne5 13. Be2 N7c6 14.
f4 Ng4 15. Bxg4 fxg4 16. Nd4 Na5 17. b3 b6 18. f5 gxf5 19. exf5 Qh4 20. Nd5 c5 21. f6 Ba6 22. Nf5 Qh5 23. Nxg7 Qg6 24. c4 Nc6 25. Ne6 Rf7 26. Bf4 Nd4 27. Nxd4 1-0

[Event "*** Titled Tuesday Blitz"]
[Site "Chess.com"]
[Date "2020.12.29"]
[Round "6"]
[White "elextranjero00"]
[Black "Eternauta2400"]
[Result "0-1"]
[WhiteElo "2606"]
[BlackElo "2466"]
[TimeControl "180+1"]
[EndTime "11:04:52 PST"]
[Termination "Eternauta2400 won by resignation"]

1. Nf3 d5 2. e3 g6 3. c4 e6 4. d4 Bg7 5. Nc3 Ne7 6. g3 O-O 7. cxd5 Nxd5 8. Bg2 b6 9. Nxd5 exd5 10. O-O c5 11.
Re1 Nc6 12. dxc5 bxc5 13. Qa4 Qb6 14. Qb3 Be6 15. Ng5 c4 16. Qxb6 axb6 17. Nxe6 fxe6 18. e4 d4 19. e5 Rac8 20. f4 Nb4 21. Rd1 Rfd8 22. Be4 Bf8 23. a3 Nc6 24. Bd2 Bc5 25. Kg2 b5 26. Rac1 d3 27. g4 Nd4 28. Be3 Ne2 29. Bxc5 Rxc5 0-1

[Event "*** Titled Tuesday Blitz"]
[Site "Chess.com"]
[Date "2020.12.29"]
[Round "6"]
[White "champ2005"]
[Black "swisspower96"]
[Result "1-0"]
[WhiteElo "2988"]
[BlackElo "2664"]
[TimeControl "180+1"]
[EndTime "11:04:56 PST"]
[Termination "champ2005 won on time"]

1. d4 Nf6 2. Bf4 d5 3. e3 c5 4. c3 Nc6 5. Nd2 cxd4 6. exd4 Bf5 7. Ngf3 e6 8. Qb3 Bd6 9. Bxd6 Qxd6 10. Be2 O-O 11. O-O Rab8 12. a4 h6 13. Rfe1 Rfc8 14. Bf1 Nd7 15. a5 b5 16. axb6 Rxb6 17. Qa2 a5 18.
Rec1 Ra8 19. b4 Rab8 20. bxa5 Rb2 21. Qa3 Qc7 22. c4 dxc4 23. Nxc4 R2b3 24. Qd6 Qxd6 25.
Nxd6 Nb4 26. a6 Bc2 27. a7 Ra8 28. Nb5 1-0

[Event "*** Titled Tuesday Blitz"]
[Site "Chess.com"]
[Date "2020.12.29"]
[Round "6"]
[White "Cambek64"]
[Black "Airquake"]
[Result "1-0"]
[WhiteElo "2334"]
[BlackElo "2552"]
[TimeControl "180+1"]
[EndTime "11:04:59 PST"]
[Termination "Cambek64 won on time"]

1. e4 c5 2. Nc3 g6 3. d3 Bg7 4.
Be3 b6 5. d4 d6 6. Bb5+ Nd7 7.
a4 a6 8. Bxd7+ Bxd7 9. f3 Qc7 10. Nge2 Nf6 11. O-O O-O 12. Qd2 b5 13. axb5 axb5 14. dxc5 dxc5 15. Rxa8 Rxa8 16. Nd5 Nxd5 17. Qxd5 Rc8 18. c3 Be6 19. Qd2 Rd8 20. Qc1 Bc4 21. Re1 Qd6 22. Ng3 Bb3 23. Qa1 b4 24. Qa5 c4 25.
Bc5 Qd2 26. Re2 Qc1+ 27. Kf2 bxc3 28. Qxd8+ 1-0

[Event "*** Titled Tuesday Blitz"]
[Site "Chess.com"]
[Date "2020.12.29"]
[Round "6"]
[White "Mambastik-Fantastic"]
[Black "Makswolf200817"]
[Result "0-1"]
[WhiteElo "2222"]
[BlackElo "2430"]
[TimeControl "180+1"]
[EndTime "11:04:59 PST"]
[Termination "Makswolf200817 won by checkmate"]

1. e4 e6 2. d4 d5 3. Nc3 Bb4 4. e5 c5 5. a3 Bxc3+ 6. bxc3 Qa5 7. Bd2 Qa4 8. Qg4 Kf8 9. Qd1 Ne7 10. Nf3 Nbc6 11. Be3 c4 12. Be2 Bd7 13. h4 Ke8 14.
h5 h6 15. Kf1 Kd8 16. Qb1 Kc7 17. Ra2 Raf8 18. Bf4 Kc8 19. g4 f6 20. exf6 Rxf6 21. Be5 Rf7 22. Kg2 Rhf8 23. Bg3 Ng8 24. Bd6 Re8 25.
g5 hxg5 26. Nxg5 Rf5 27. f4 Nf6 28. h6 gxh6 29. Rxh6 Rg8 30. Kh1 Ne8 31. Be5 Nxe5 32. dxe5 Rxf4 33. Qc1 Rf5 34. Nxe6 Rxe5 35. Nc5 Qb5 36.
Nxd7 Rxe2 37. Rh7 Re4 38. Ra1 Qxd7 39. Rxd7 Rh4# 0-1

[Event "*** Titled Tuesday Blitz"]
[Site "Chess.com"]
[Date "2020.12.29"]
[Round "6"]
[White "03revilo"]
[Black "grandcoach"]
[Result "1-0"]
[WhiteElo "2298"]
[BlackElo "2114"]
[TimeControl "180+1"]
[EndTime "11:04:59 PST"]
[Termination "03revilo won on time"]

1. c4 Nf6 2. Nc3 e6 3. e4 d5 4.
cxd5 exd5 5. e5 d4 6. exf6 dxc3 7. dxc3 Qxd1+ 8. Kxd1 gxf6 9. Bc4 Bf5 10. Bf4 Nd7 11. Nf3 O-O-O 12. Kc1 Nb6 13. Bxf7 Bc5 14. b4 Bxf2 15. Rf1 Na4 16. Rxf2 Nxc3 17. Rd2 Rhf8 18. Bb3 Rfe8 19. Kb2 Ne2 20. Re1 1-0

[Event "*** Titled Tuesday Blitz"]
[Site "Chess.com"]
[Date "2020.12.29"]
[Round "6"]
[White "Khusenkhojaev"]
[Black "hurricane7791"]
[Result "0-1"]
[WhiteElo "2444"]
[BlackElo "2631"]
[TimeControl "180+1"]
[EndTime "11:05:00 PST"]
[Termination "hurricane7791 won by resignation"]

1. Nf3 c5 2. c4 Nc6 3. d4 cxd4 4. Nxd4 g6 5. e4 Bg7 6. Be3 Nf6 7. Nc3 O-O 8. Be2 d6 9. O-O Bd7 10. Rc1 Nxd4 11.
Bxd4 Bc6 12. Qc2 a5 13. Rfe1 Nd7 14. Bxg7 Kxg7 15. h3 Qb6 16. Qd2 Rfc8 17. Bg4 Rc7 18. Bxd7 Rxd7 19. Re3 Rc7 20. Nd5 Bxd5 21. exd5 Rac8 22.
b3 a4 23. Rce1 axb3 24. axb3 Re8 25. h4 h5 26. Rg3 Ra8 27. Qg5 Ra2 28. Ree3 Qd4 29.
Rgf3 f6 30. Qg3 Qg4 31. Kh2 Qxg3+ 32. Kxg3 b5 33. Rc3 bxc4 34. bxc4 Ra4 35. Rf4 f5 36. Rd4 Kf6 37. f4 Ra2 38. Kf3 Rb7 39. c5 dxc5 40.
Rdc4 Rbb2 41. Rxc5 Rf2+ 42. Ke3 Rxg2 43. Rc6+ Kf7 44.
d6 Rg3+ 45. Kd4 Rd2+ 46. Kc4 Rxc3+ 47. Kxc3 Rxd6 0-1

[Event "*** Titled Tuesday Blitz"]
[Site "Chess.com"]
[Date "2020.12.29"]
[Round "6"]
[White "KyronGriffith"]
[Black "MIJuanReyesRosa"]
[Result "1-0"]
[WhiteElo "2534"]
[BlackElo "2073"]
[TimeControl "180+1"]
[EndTime "11:05:00 PST"]
[Termination "KyronGriffith won on time"]

1. e4 c6 2. d4 d5 3. Nc3 g6 4. Nf3 Bg4 5. exd5 cxd5 6. h3 Bxf3 7. Qxf3 Nf6 8. Bg5 Nc6 9. O-O-O Bg7 10. h4 O-O 11. h5 Nxh5 12. g4 Nf6 13. Qh3 h5 14.
Be2 Qd7 15. gxh5 Qxh3 16. Rxh3 Nxh5 17. Bxh5 gxh5 18. Nxd5 Bxd4 19. Bxe7 Nxe7 20. Nxe7+ Kg7 21. Rxd4 Rad8 22. Rxd8 1-0